 Dungeon Crawl Stone Soup version 0.30-a0-576-g89cddaab80 (webtiles) character file.

Game seed: 3925983485607015825

1120 zero the Thaumaturge (level 8, 0/41 HPs)
             Began as a Deep Elf Earth Elementalist on Dec 30, 2022.
             Slain by Pikel
             ... wielding a +0 whip of electrocution
              (11 damage)
             ... on level 5 of the Dungeon.
             The game lasted 00:04:27 (5600 turns).

zero the Thaumaturge (Deep Elf Earth Elementalist)  Turns: 5600, Time: 00:04:28

Health: 0/41       AC:  5    Str:  5    XL:     8   Next: 12%
Magic:  12/22      EV: 12    Int: 29    God:
Gold:   61         SH:  0    Dex: 15    Spells: 18/24 levels left

rFire   . . .      SeeInvis .    m - +0 trident (freeze)
rCold   . . .      Faith    .    (no shield)
rNeg    . . .      Spirit   .    a - +0 robe
rPois   .          Reflect  .    (no helmet)
rElec   .          Harm     .    (no cloak)
rCorr   +          Rampage  .    w - +2 pair of gloves
Will    .....                    (no boots)
Stlth   ++                       (no amulet)
HPRegen 0.26/turn                k - +6 ring of intelligence
MPRegen 0.18/turn                s - ring of resist corrosion

@: no status effects
A: no striking features
a: no special abilities


You were on level 5 of the Dungeon.
You visited 1 branch of the dungeon, and saw 6 of its levels.

You collected 201 gold pieces.
You spent 140 gold pieces at shops.

Inventory:

Hand Weapons
 i - a +0 rapier
 m - a +0 trident of freezing (weapon)
Armour
 a - a +0 robe (worn)
 w - a +2 pair of gloves (worn)
Jewellery
 k - a +6 ring of intelligence (left hand)
 q - an amulet of faith
 s - a ring of resist corrosion (right hand)
Wands
 y - a wand of roots (4)
Scrolls
 c - a scroll of torment {unknown}
 d - a scroll of poison {unknown}
 f - 2 scrolls of magic mapping {unknown}
 g - 3 scrolls of enchant weapon {unknown}
 j - a scroll of enchant armour {unknown}
 l - 3 scrolls of identify {unknown}
 o - a scroll of silence {unknown}
 p - 2 scrolls of teleportation {unknown}
 r - a scroll of vulnerability {unknown}
 t - a scroll of fog {unknown}
 x - a scroll of fear {unknown}
Potions
 b - 2 potions of magic
 e - 2 potions of curing
 h - 2 potions of lignification {unknown}
 n - a potion of might {unknown}
 u - a potion of attraction {unknown}
 v - a potion of invisibility {unknown}


   Skills:
 - Level 2.4 Dodging
 - Level 2.4 Stealth
 + Level 8.7 Spellcasting
 - Level 6.0 Conjurations
 - Level 1.1 Transmutations
 - Level 6.0 Earth Magic


You had 18 spell levels left.
You knew the following spells:

 Your Spells              Type           Power      Damage    Failure   Level
a - Sandblast             Erth           94%        2d19      1%          1
b - Searing Ray           Conj           94%        2d7       1%          2
c - Stone Arrow           Conj/Erth      94%        3d12      1%          3

Your spell library contained the following spells:

 Spells                   Type           Power      Damage    Failure   Level
 Magic Dart               Conj           100%       1d8       1%          1
 Passwall                 Tmut/Erth      27%        N/A       1%          2
 Petrify                  Tmut/Erth      33%        N/A       10%         4
 Fulminant Prism          Conj/Hex       15%        3d10      12%         4


Dungeon Overview and Level Annotations

Branches:
Dungeon (6/15)
 Temple: D:4-7

Altars:
Cheibriados
Elyvilon
Zin
The Shining One

Shops:
D:3 (

Annotations:
D:4 2 transporters, PsyCrow's ghost, amateur OpSu
D:5 Pikel


Message History

That felt strangely unrewarding.
The searing ray misses Pikel.
The searing ray hits the lemure!
The lemure is moderately wounded.
The searing ray hits the lemure!
The lemure is heavily wounded.
You finish channelling your searing ray.
Pikel hits you but does no damage.
You are electrocuted!
You climb upwards.
There is a stone staircase leading down here.
Casting: Searing Ray (safe; 1% risk of failure)
Confirm with . or Enter, or press ? or * to list all spells.
Aiming: Searing Ray (safe; 1% risk of failure)
Press: ? - help, Shift-Dir - straight line, f - Pikel
Aim: Pikel, wielding a +0 whip of electrocution and wearing a +0 robe (lightly wounded, 77% to hit)
The searing ray hits Pikel.
Pikel is moderately wounded. (Press . to maintain the ray.) Pikel closely misses you.
The searing ray misses Pikel.
Pikel hits you with a +0 whip of electrocution!
* * * LOW HITPOINT WARNING * * *
The searing ray hits Pikel.
Pikel is heavily wounded.
Pikel hits you with a +0 whip of electrocution.
* * * LOW HITPOINT WARNING * * *
The searing ray hits Pikel!
Pikel is severely wounded.
You finish channelling your searing ray.
Pikel hits you but does no damage.
It was a potion of curing.
You feel better. Pikel misses you.
Casting: Searing Ray (safe; 1% risk of failure)
Confirm with . or Enter, or press ? or * to list all spells.
Aiming: Searing Ray (safe; 1% risk of failure)
Press: ? - help, Shift-Dir - straight line, f/p - Pikel
Aim: Pikel, wielding a +0 whip of electrocution and wearing a +0 robe (severely wounded, 77% to hit)
The searing ray hits Pikel.
Pikel is severely wounded. (Press . to maintain the ray.) Pikel hits you but does no damage.
You are electrocuted!
You die...

#.# ##.##.##.# ###########.#
##...###...
#...........###.....#....
#.#########...'.....'....
##.## #####.....#....
##...## ###...###...
##.###.##########.##.##.##.#
#.## ##.......##...###...###
#.# #..K@##.'.....'..⌠))).
#.## ##....#####...###...#)#
##.###.##.## ##.##.##.##.#
##...###.# ###...###...
##.## #.########.....#....
#.# #........'.....'..♣. #.#
##########.....#.... #.#
###...###... ##.##
#########.##.##.##.#


You could see Pikel.

Vanquished Creatures
  A wyvern (D:6)
  A sky beast (D:6)
  A black bear (D:4)
  An ogre (D:4)
  A lemure (D:6)
  2 phantoms
  2 scorpions
  2 orc priests
  4 hounds
  2 iguanas (D:5)
  An orc wizard (D:5)
  5 adders
  3 gnolls (D:3)
  A shadow imp (D:5)
  A worm (D:3)
  4 dart slugs
  13 orcs
  5 ball pythons
  4 bats
  7 endoplasms
  4 giant cockroaches
  8 goblins
  10 hobgoblins
  3 jackals (D:3)
  10 kobolds
  6 quokkas
  6 frilled lizards
  5 rats
113 creatures vanquished.

Vanquished Creatures (others)
  A plant (D:3)
1 creature vanquished.

Grand Total: 114 creatures vanquished

Notes
Turn   | Place    | Note
-------+----------+-------------------------------------------
     0 | D:1      | zero the Deep Elf Earth Elementalist began the quest for
                  | the Orb.
     0 | D:1      | Reached XP level 1. HP: 10/10 MP: 6/6
   160 | D:1      | Reached XP level 2. HP: 15/15 MP: 5/8
   320 | D:1      | Learned a level 2 spell: Searing Ray
   409 | D:1      | Reached skill level 4 in Spellcasting
   643 | D:1      | Reached XP level 3. HP: 19/19 MP: 7/10
   647 | D:1      | Learned a level 3 spell: Stone Arrow
   974 | D:2      | Reached skill level 1 in Conjurations
  1336 | D:2      | Reached XP level 4. HP: 13/24 MP: 8/12
  2075 | D:3      | Reached skill level 5 in Spellcasting
  2075 | D:3      | Reached XP level 5. HP: 11/28 MP: 1/14
  2275 | D:3      | Found Ypodoemp's Antique Weapon Shoppe.
  2277 | D:3      | Identified the +0 ring mail "Raggag" {Rampage rC+ Dex-4}
  2456 | D:3      | Found a glowing silver altar of Zin.
  2456 | D:3      | Found a glowing golden altar of the Shining One.
  2457 | D:3      | Found a white marble altar of Elyvilon.
  2470 | D:3      | Found a snail-covered altar of Cheibriados.
  3344 | D:4      | Reached skill level 5 in Earth Magic
  3405 | D:4      | Noticed a black bear
  3411 | D:4      | Killed a black bear
  3412 | D:4      | Reached XP level 6. HP: 26/32 MP: 10/16
  3458 | D:4      | Reached skill level 6 in Spellcasting
  3692 | D:4      | Found a transporter.
  3703 | D:4      | Noticed PsyCrow's ghost (amateur OpSu)
  3706 | D:4      | Noticed a water moccasin
  3711 | D:4      | Found a transporter.
  3995 | D:3      | Bought an iridescent dagger for 140 gold pieces
  3995 | D:3      | Identified the +6 dagger "Pophonta" {freeze, rElec rF-
                  | rCorr Dex+5} (You bought it in a shop on level 3 of the
                  | Dungeon)
  4040 | D:5      | Entered Level 5 of the Dungeon
  4068 | D:5      | Reached XP level 7. HP: 34/36 MP: 15/18
  4638 | D:5      | Reached skill level 7 in Spellcasting
  4750 | D:5      | Reached skill level 5 in Conjurations
  5358 | D:6      | Noticed a wyvern
  5363 | D:6      | Killed a wyvern
  5364 | D:6      | Reached skill level 8 in Spellcasting
  5364 | D:6      | Reached XP level 8. HP: 19/41 MP: 15/22
  5546 | D:6      | Noticed Pikel
  5600 | D:5      | Slain by Pikel

Illustrated notes

Levels and vault maps discovered:
D:1:      sevenhm_arrival_forest_fort_small_3, layout_loops_ring,
          nicolae_concentric_dashed_squares_mild
D:2:      layout_loops_ring
D:3:      layout_basic, good_gods_mini_temple,
          mainiacjoe_overflow_surrounded_room, serial_shops, shop
D:4:      layout_basic, gammafunk_ghost_arena, nrook_mini_vaults
D:5:      layout_loops_ring, chequers_serial_rivers_small_b,
          nicolae_hexahallways, kennysheep_opposing_triangles
D:6:      layout_basic, uniq_pikel, uniq_crazy_yiuf_cottage

Skill      XL: |  1  2  3  4  5  6  7  8 |
---------------+-------------------------+-----
Spellcasting   | 4 5 6 8 |  8.7
Earth Magic    | 4 5 6 |  6.0
Conjurations   | 1 2 3 4 5 6 |  6.0
Dodging        | |  2.4
Stealth        | |  2.4
Transmutations | |  1.1

Action                   |  1- 3 |  4- 6 |  7- 9 || total
-------------------------+-------+-------+-------++-------
Melee: Dagger            |     6 |       |       ||     6
       Rapier            |    10 |     3 |       ||    13
       Trident           |       |    26 |    10 ||    36
 Cast: Sandblast         |    44 |    56 |     7 ||   107
       Searing Ray       |       |     8 |    15 ||    23
  Use: Potion            |       |       |     1 ||     1
 Stab: Sleeping          |     1 |     2 |     1 ||     4
Armor: Robe              |     4 |    12 |    15 ||    31
Dodge: Dodged            |    24 |    43 |    26 ||    93

Table legend: (Time is in decaauts)
 A = Elapsed time spent in this place.
 B = Non-inter-level travel time spent in this place.
 C = Inter-level travel time spent in this place.
 D = Time resting spent in this place.
 E = Time spent auto-exploring this place.
 F = Levels seen in this place.
 G = Mean time per level.
                   A        B        C        D        E       F      G
               +--------+--------+--------+--------+--------+-----+--------+
         Total |   5671 |   5387 |    284 |   1163 |   3502 |   6 |  945.2 |
       Dungeon |   5671 |   5387 |    284 |   1163 |   3502 |   6 |  945.2 |
               +--------+--------+--------+--------+--------+-----+--------+

Top non-repeatable levels by time:
     D:3: 1566 daAuts
     D:5: 1281 daAuts
     D:1: 889 daAuts
     D:2: 871 daAuts
     D:4: 770 daAuts
     D:6: 291 daAuts
